[Event "Titled Tuesday Blitz May 9 Early 2023"]
[White "Rostomyan, Mikayel"]
[Black "Vaglio Munoz, Jaime"]
[WhiteFideId "13313754"]
[BlackFideId "6500145"]
[WhiteElo "2061"]
[BlackElo "2199"]
[Result "1-0"]
[Round "03"]
[TimeControl "180+2"]
[Date "2023.05.09"]
[WhiteClock "0:00:21"]
[BlackClock "0:00:37"]

1. d4 c6 2. Nf3 d5 3. c4 b5 4. cxb5 cxb5 5. e3 a6 6. a4 bxa4 7. Nc3 e6 8. Bd3 Nf6 9. O-O Bd7 10. Nxa4 Bxa4 11. Qxa4+ Qd7 12. Qa2 Bd6 13. Bd2 O-O 14. Ne5 Bxe5 15. dxe5 Ne4 16. Bb4 Rc8 17. Qb1 Nc6 18. Bxe4 Nxb4 19. Bxh7+ Kf8 20. Bd3 a5 21. Be2 Qc7 22. Rc1 Qxe5 23. Rxc8+ Rxc8 24. Rxa5 g6 25. g3 Kg7 26. Bf3 Nd3 27. Qxd3 Qxb2 28. Qd4+ Qxd4 29. exd4 Rc4 30. Kg2 Rxd4 31. h4 Rd2 32. g4 Kf6 33. Ra7 e5 34. g5+ Kg7 35. Bg4 e4 36. Be6 e3 37. Rxf7+ Kh8 38. Bg4 d4 39. h5 gxh5 40. Bxh5 Kg8 41. g6 d3 42. Kg3 e2 43. Re7 Rd1 44. Bxe2 dxe2 45. Rxe2 Rg1+ 46. Kf4 Rxg6 47. Kf5 Ra6 48. f4 Kf7 49. Rb2 Ra5+ 50. Kg4 Ra7 51. Kg5 Ra5+ 52. f5 Ra7 53. Rh2 Kg8 54. Rb2 Kf7 55. Rb6 Rc7 56. Rh6 Kg7 57. f6+ Kg8 58. Kg6 Rb7 59. Rh4 Rb6 60. Ra4 Rb8 61. Ra7 Kh8 62. Rh7+ Kg8 63. f7+ Kf8 64. Rh8+ Ke7 65. Rxb8 Ke6 66. f8=Q Kd7 67. Qf7+ Kc6 68. Qb7+ Kd6 69. Rd8+ 1-0


[Site "https://www.chess.com"]

[Event "Titled Tuesday Blitz May 9 Early 2023"]
[White "Ankudinova, Yelena"]
[Black "Sourath Biswas"]
[WhiteFideId "13702114"]
[BlackFideId "35091484"]
[WhiteElo "1937"]
[BlackElo "2171"]
[Result "0-1"]
[Round "03"]
[TimeControl "180+2"]
[Date "2023.05.09"]
[WhiteClock "0:00:00"]
[BlackClock "0:01:58"]

1. Nf3 Nf6 2. d4 g6 3. Nbd2 d5 4. e3 Bg7 5. b4 O-O 6. Bb2 Bf5 7. c4 c6 8. Be2 Ne4 9. O-O a5 10. b5 cxb5 11. cxb5 a4 12. a3 Qa5 13. Nxe4 Bxe4 14. Nd2 Bf5 15. f3 Bh6 16. f4 Rc8 17. Rc1 Nd7 18. g4 Be6 19. Bd3 Bxg4 20. Be2 Bxe2 21. Qxe2 Nb6 22. Qd3 Nc4 23. Nxc4 Qxb5 24. Ne5 Qxb2 25. Rb1 Qc3 26. Rxb7 f6 27. Qxc3 Rxc3 28. Ng4 Bf8 29. Rd7 h5 30. Nf2 Rxa3 31. Rxd5 Rxe3 0-1


[Site "https://www.chess.com"]

[Event "Titled Tuesday Blitz May 9 Early 2023"]
[White "Maung, Maung Kyaw Zaw Hein"]
[Black "Alinasab, Mobina"]
[WhiteFideId "13001698"]
[BlackFideId "12528897"]
[WhiteElo "2019"]
[BlackElo "2149"]
[Result "1/2-1/2"]
[Round "03"]
[TimeControl "180+2"]
[Date "2023.05.09"]
[WhiteClock "0:00:19"]
[BlackClock "0:00:07"]

1. Nf3 Nf6 2. c4 b6 3. g3 Bb7 4. Bg2 c5 5. O-O e6 6. Nc3 Be7 7. b3 O-O 8. Bb2 d6 9. d4 cxd4 10. Nxd4 Bxg2 11. Kxg2 Qc7 12. e4 Qb7 13. f3 Nbd7 14. Qd2 a6 15. Rfd1 Rac8 16. Rac1 Rfe8 17. Ba3 Bf8 18. Nde2 Nc5 19. Nf4 b5 20. Bxc5 Rxc5 21. Nd3 Rcc8 22. e5 dxe5 23. Nxe5 bxc4 24. Nxc4 Bb4 25. Qd3 Qb8 26. Ne4 Nxe4 27. Qxe4 Be7 28. Rd7 Qb5 29. Rcd1 Rcd8 30. Rxd8 Rxd8 31. Rxd8+ Bxd8 32. Qa8 Qd5 33. Qxa6 e5 34. Qd6 Qxd6 35. Nxd6 Kf8 36. g4 Ke7 37. Ne4 Ke6 38. Kf2 Kd5 39. Ke2 Kd4 40. a4 f6 41. Nd6 g6 42. Nb7 Bc7 43. Kd2 f5 44. gxf5 gxf5 45. a5 Kd5 46. a6 Kc6 47. Kd3 Kb6 48. b4 Kxa6 49. Nc5+ Kb5 50. Ne6 Bd6 51. Ng7 Kxb4 52. Nxf5 Bc7 53. Ke4 Kc5 54. Ne3 Kd6 55. Nd5 Bd8 56. Ne3 Ke6 57. Ng4 Bc7 58. Ne3 Bb8 59. Nd5 h5 60. Nc3 Kf6 61. h4 Ke6 62. Ne2 Kf6 63. Nc1 Bd6 64. Nd3 Ke6 65. f4 Be7 66. Nxe5 Bxh4 67. f5+ Kf6 68. Nf3 Bg3 69. Ke3 Kxf5 70. Ke2 Kg4 71. Ng1 h4 72. Kf1 Bf4 73. Kg2 Be3 74. Nh3 Bd4 75. Ng1 Bc5 76. Nh3 Bb6 77. Ng1 Ba7 78. Nh3 Bb6 79. Ng1 Bxg1 80. Kxg1 Kg3 81. Kh1 h3 82. Kg1 h2+ 83. Kh1 Kh3 1/2-1/2


[Site "https://www.chess.com"]

[Event "Titled Tuesday Blitz May 9 Early 2023"]
[White "Escanor89"]
[Black "Goldin, Roman"]
[BlackFideId "2803860"]
[WhiteElo "2544"]
[BlackElo "2312"]
[Result "0-1"]
[Round "03"]
[TimeControl "180+2"]
[Date "2023.05.09"]
[WhiteClock "0:00:05"]
[BlackClock "0:01:02"]

1. e4 Nc6 2. d4 e5 3. Nf3 exd4 4. Nxd4 g6 5. Nc3 Bg7 6. Be3 Nf6 7. f3 O-O 8. Bc4 Re8 9. Nde2 Na5 10. Bb3 Nxb3 11. axb3 d5 12. O-O dxe4 13. Qxd8 Rxd8 14. fxe4 Ng4 15. Bg5 Re8 16. h3 h6 17. Bh4 Ne3 18. Rfc1 f5 19. Bf2 f4 20. Nxf4 Bxc3 21. bxc3 Rxe4 22. Bxe3 Rxe3 23. Nd5 Re2 24. Nxc7 Rb8 25. Rxa7 Bd7 26. Ra8 Rxa8 27. Nxa8 Bc6 28. g4 Rg2+ 29. Kf1 Rh2 30. Re1 Rxh3 31. c4 Rg3 32. Nc7 Rxg4 33. b4 h5 34. b5 Be4 35. Ne6 h4 36. Re3 h3 37. Kf2 h2 0-1


[Site "https://www.chess.com"]

[Event "Titled Tuesday Blitz May 9 Early 2023"]
[White "Nastase, Robert-Paul"]
[Black "Degenbaev, Aziz"]
[WhiteFideId "1221175"]
[BlackFideId "13802640"]
[WhiteElo "2175"]
[BlackElo "2152"]
[Result "0-1"]
[Round "03"]
[TimeControl "180+2"]
[Date "2023.05.09"]
[WhiteClock "0:00:05"]
[BlackClock "0:01:05"]

1. e4 c5 2. Nc3 d6 3. d4 cxd4 4. Qxd4 Nc6 5. Qd2 g6 6. b3 Bh6 7. f4 Nf6 8. Bb2 O-O 9. O-O-O e5 10. g3 Re8 11. Nge2 Bg4 12. Bg2 Rc8 13. Kb1 Qa5 14. Qxd6 Bxe2 15. Nxe2 Nb4 16. a3 Nxc2 17. Qxf6 Nxa3+ 18. Bxa3 Qxa3 19. Rd3 Rc6 20. Qh4 Ra6 21. Rhd1 0-1


[Site "https://www.chess.com"]

[Event "Titled Tuesday Blitz May 9 Early 2023"]
[White "Korelskiy, Egor"]
[Black "Alhadad, Mahmoud"]
[WhiteFideId "34329064"]
[BlackFideId "11501863"]
[WhiteElo "2156"]
[BlackElo "1955"]
[Result "1-0"]
[Round "03"]
[TimeControl "180+2"]
[Date "2023.05.09"]
[WhiteClock "0:00:33"]
[BlackClock "0:00:00"]

1. e4 d5 2. exd5 Nf6 3. Nc3 Nxd5 4. Bc4 Nb6 5. Bb3 c5 6. d3 Nc6 7. Nf3 Bf5 8. O-O e6 9. Be3 Be7 10. h3 O-O 11. a3 Nd4 12. Bxd4 cxd4 13. Ne2 Bf6 14. Ng3 Bg6 15. Re1 a5 16. a4 Rc8 17. Qd2 Nd5 18. Ne4 Nb4 19. Rac1 Bh5 20. Nxf6+ Qxf6 21. Ne5 Rfd8 22. Nc4 Rc5 23. f4 Rdd5 24. Nxa5 Rf5 25. Qxb4 Rxa5 26. Qxb7 h6 27. Rf1 Rxf4 28. Qb8+ Kh7 29. Qxf4 1-0


[Site "https://www.chess.com"]

[Event "Titled Tuesday Blitz May 9 Early 2023"]
[White "Zaichenko, Daria"]
[Black "Shukhman, Anna"]
[WhiteFideId "4197453"]
[BlackFideId "54180058"]
[WhiteElo "2039"]
[BlackElo "2235"]
[Result "1-0"]
[Round "03"]
[TimeControl "180+2"]
[Date "2023.05.09"]
[WhiteClock "0:00:13"]
[BlackClock "0:00:10"]

1. e4 Nf6 2. e5 Nd5 3. d4 d6 4. Nf3 g6 5. Be2 Bg7 6. c4 Nb6 7. exd6 cxd6 8. Nc3 O-O 9. O-O e5 10. dxe5 dxe5 11. Qc2 Nc6 12. Rd1 Nd4 13. Nxd4 exd4 14. Nb5 Bf5 15. Bd3 Bg4 16. f3 Be6 17. Bf4 Qf6 18. Bd6 Rfd8 19. Re1 Qg5 20. Bc7 Rdc8 21. Bxb6 axb6 22. Nd6 Rc6 23. Ne4 Qd8 24. b3 Rac8 25. Qf2 f5 26. Ng3 Bf7 27. Re2 b5 28. cxb5 Rc1+ 29. Rxc1 Rxc1+ 30. Re1 Rc3 31. Qe2 Bh6 32. Nf1 Qa5 33. Rd1 Rc8 34. Bc4 Qc3 35. Bxf7+ Kxf7 36. Re1 Be3+ 37. Nxe3 dxe3 38. Qxe3 Qxe3+ 39. Rxe3 Rc2 40. a4 Rb2 41. Kf1 f4 42. Re4 g5 43. Rb4 Ke6 44. a5 Kd5 45. a6 bxa6 46. b6 Rb1+ 47. Ke2 Rb2+ 48. Kd3 a5 49. b7 axb4 50. b8=Q Rxb3+ 51. Kc2 Rc3+ 52. Kd2 Ra3 53. Qxb4 Ra2+ 54. Kd3 Rxg2 55. Qe4+ Kd6 56. Qxh7 Rf2 57. Qg6+ Kd7 58. Qxg5 Rxf3+ 59. Ke4 Re3+ 60. Kxf4 Re1 61. h4 Rf1+ 62. Ke3 Re1+ 63. Kd2 Rh1 64. h5 Ke6 65. Qg6+ Ke7 66. h6 Rh2+ 67. Ke3 Rh3+ 68. Kf4 Rh4+ 69. Kg3 Rh1 70. Qg7+ Ke6 71. Kg2 Rh4 72. Qg6+ Ke5 73. Qg5+ Ke6 74. Qxh4 Kf7 75. h7 Ke6 76. h8=Q Kd5 77. Q4d4+ Ke6 78. Qhf6# 1-0


[Site "https://www.chess.com"]

[Event "Titled Tuesday Blitz May 9 Early 2023"]
[White "WindWhistler11"]
[Black "Bueno, Alfeu Junior Varela"]
[BlackFideId "2108879"]
[WhiteElo "2466"]
[BlackElo "2175"]
[Result "1-0"]
[Round "03"]
[TimeControl "180+2"]
[Date "2023.05.09"]
[WhiteClock "0:00:05"]
[BlackClock "0:00:02"]

1. e4 e6 2. d3 d5 3. Nd2 Nf6 4. Be2 Bc5 5. Ngf3 dxe4 6. dxe4 e5 7. O-O Nc6 8. c3 a5 9. Qc2 O-O 10. Nc4 Qe7 11. Bg5 b6 12. Ne3 Qe6 13. Bc4 Qe8 14. Bxf6 gxf6 15. Nh4 Ne7 16. Qe2 Kh8 17. Qf3 Qc6 18. Bd5 Nxd5 19. exd5 Qd6 20. Nc4 Qe7 21. d6 Qe6 22. Qxa8 Qxc4 23. Qf3 Qxh4 24. dxc7 Rg8 25. Rad1 e4 26. Qe2 Bg4 27. Qxe4 Qh3 28. Kh1 Qh5 29. Rd8 Bc8 30. Rxg8+ Kxg8 31. Qe8+ Kg7 32. Qxc8 Qe2 33. Ra1 Qxb2 34. Qg4+ Kh6 35. Qh3+ Kg7 36. Rf1 Qe2 37. Qg3+ Kh6 38. Rg1 Bxf2 39. Qf4+ Kg7 40. c8=Q Bxg1 41. Qfg4+ Kh6 42. Qh4+ Kg7 43. Qcg4+ Qxg4 44. Qxg4+ Kf8 45. Kxg1 1-0


[Site "https://www.chess.com"]

[Event "Titled Tuesday Blitz May 9 Early 2023"]
[White "Thomas, Anysia"]
[Black "Arat, Ufuk Sezen"]
[WhiteFideId "670472"]
[BlackFideId "6309089"]
[WhiteElo "2091"]
[BlackElo "2289"]
[Result "0-1"]
[Round "03"]
[TimeControl "180+2"]
[Date "2023.05.09"]
[WhiteClock "0:00:00"]
[BlackClock "0:00:04"]

1. d4 Nf6 2. c4 g6 3. Nc3 d5 4. cxd5 Nxd5 5. e4 Nxc3 6. bxc3 Bg7 7. Be3 c5 8. Nf3 O-O 9. Be2 cxd4 10. cxd4 Bg4 11. O-O Nc6 12. d5 Na5 13. Rc1 Rc8 14. Qa4 Rxc1 15. Rxc1 a6 16. Qb4 b5 17. Bg5 f6 18. Bf4 Bxf3 19. Bxf3 Nc4 20. Be2 Ne5 21. Bxe5 fxe5 22. Bg4 Qb6 23. Rc2 Bf6 24. Be6+ Kg7 25. g3 a5 26. Qc5 Qxc5 27. Rxc5 Rb8 28. Bd7 b4 29. Rxa5 b3 30. axb3 Rxb3 31. Ra7 Kh6 32. Kg2 Rb2 33. Be6 Bg5 34. Kf3 Rb3+ 35. Kg2 Rb2 36. Kf3 Bd2 37. Rxe7 Be1 38. Rf7 Rxf2+ 39. Ke3 Rxh2 40. Rf1 Bb4 41. Rb1 Bc5+ 42. Kf3 Rd2 43. Rc1 Ba3 44. Rh1+ Kg7 0-1


[Site "https://www.chess.com"]

[Event "Titled Tuesday Blitz May 9 Early 2023"]
[White "Bettalli, Francesco"]
[Black "Wessendorf, Thomas, Dr."]
[WhiteFideId "2816453"]
[BlackFideId "4604270"]
[WhiteElo "2216"]
[BlackElo "2280"]
[Result "1-0"]
[Round "03"]
[TimeControl "180+2"]
[Date "2023.05.09"]
[WhiteClock "0:01:04"]
[BlackClock "0:00:15"]

1. d4 Nf6 2. Nc3 d5 3. Bf4 c6 4. e3 Bf5 5. f3 h6 6. g4 Bh7 7. h4 Qb6 8. Na4 Qa5+ 9. c3 b5 10. Nc5 b4 11. Qd2 bxc3 12. bxc3 e6 13. Nb3 Qb6 14. g5 Nh5 15. Be5 f6 16. Bf4 Nxf4 17. exf4 Bf5 18. gxf6 gxf6 19. Bh3 Bxh3 20. Nxh3 Bd6 21. Kf2 Nd7 22. Rae1 Nf8 23. f5 e5 24. Nf4 O-O-O 25. Nd3 exd4 26. cxd4 Nd7 27. Re6 Nb8 28. Rc1 Kb7 29. Ndc5+ Ka8 30. Rxf6 Rhg8 31. Rf7 Bg3+ 32. Kf1 Rde8 33. Ne6 Qa6+ 34. Qe2 Bh2 35. Nc7+ Kb7 36. Nxa6+ 1-0


[Site "https://www.chess.com"]

[Event "Titled Tuesday Blitz May 9 Early 2023"]
[White "Sliwicki, Damian"]
[Black "Rodriguez Santiago, Jaime"]
[WhiteFideId "1127128"]
[BlackFideId "3100898"]
[WhiteElo "2030"]
[BlackElo "2025"]
[Result "0-1"]
[Round "03"]
[TimeControl "180+2"]
[Date "2023.05.09"]
[WhiteClock "0:00:00"]
[BlackClock "0:00:48"]

1. d4 Nf6 2. Bf4 d5 3. Nc3 a6 4. f3 c5 5. e3 Nc6 6. Qd2 Bf5 7. dxc5 e6 8. O-O-O Bxc5 9. g4 Bg6 10. h4 h5 11. g5 Nd7 12. Nh3 Nb4 13. e4 dxe4 14. fxe4 Qe7 15. a3 Nc6 16. Bg2 Nde5 17. Na4 Bxa3 18. Nb6 Bxb2+ 19. Kxb2 Qc5 20. Nxa8 Nc4+ 21. Kb3 Nxd2+ 22. Rxd2 Qb4+ 23. Ka2 O-O 24. Nc7 Qa5+ 25. Kb1 e5 26. Nd5 exf4 27. Nhxf4 Nb4 28. Nxb4 Qxb4+ 29. Kc1 Bxe4 30. Bxe4 Qxe4 31. Rf1 Rc8 32. Nxh5 Qxh4 33. Nf4 Qxg5 34. Rg2 Qh6 35. Rfg1 g6 36. Kb1 Rc6 37. Nd5 Kf8 38. Re2 Qh5 39. Re8+ Kg7 40. Rd1 Rd6 0-1


[Site "https://www.chess.com"]

[Event "Titled Tuesday Blitz May 9 Early 2023"]
[White "Benmesbah, Natacha"]
[Black "Devaev, Alexander"]
[WhiteFideId "642002"]
[BlackFideId "4169395"]
[WhiteElo "2263"]
[BlackElo "2172"]
[Result "1/2-1/2"]
[Round "03"]
[TimeControl "180+2"]
[Date "2023.05.09"]
[WhiteClock "0:00:06"]
[BlackClock "0:00:07"]

1. e4 c6 2. Nc3 d5 3. Nf3 Nf6 4. e5 Ne4 5. Ne2 e6 6. d3 Nc5 7. d4 Ncd7 8. Ng3 b6 9. Bd3 Ba6 10. O-O c5 11. c3 Bxd3 12. Qxd3 Nc6 13. h4 Be7 14. Ng5 Nf8 15. Qf3 Bxg5 16. Bxg5 Qd7 17. Rfd1 cxd4 18. Nh5 Rg8 19. Bf6 Ng6 20. cxd4 Kf8 21. Bg5 h6 22. Be3 Nxh4 23. Qg4 Nf5 24. Rac1 Rc8 25. Qh3 Nce7 26. g4 Nxe3 27. fxe3 Ng6 28. Nf4 Nxf4 29. exf4 Rh8 30. Qa3+ Kg8 31. Qd6 Qe8 32. Rc7 Kh7 33. Rdc1 Rxc7 34. Rxc7 Qa4 35. b3 Qxa2 36. Rxf7 Qb1+ 37. Kf2 Qc2+ 38. Kg3 Qc3+ 39. Kh4 Qe1+ 40. Kh3 Qh1+ 41. Kg3 Qd1 42. Qxe6 Qe1+ 43. Kf3 Qf1+ 44. Ke3 Qg1+ 45. Ke2 Qg2+ 46. Kd3 Qf3+ 47. Kd2 Qf2+ 48. Kd3 Qf3+ 49. Kd2 Qf2+ 50. Kd3 Qf3+ 1/2-1/2


[Site "https://www.chess.com"]

[Event "Titled Tuesday Blitz May 9 Early 2023"]
[White "Garrido, Denis"]
[Black "Avazkhonov, Alikhon"]
[WhiteFideId "601217"]
[BlackFideId "14208504"]
[WhiteElo "2246"]
[BlackElo "1739"]
[Result "1-0"]
[Round "03"]
[TimeControl "180+2"]
[Date "2023.05.09"]
[WhiteClock "0:00:03"]
[BlackClock "0:00:03"]

1. d4 Nf6 2. c4 e6 3. Nc3 Bb4 4. e3 b6 5. Bd2 Bb7 6. a3 Bxc3 7. Bxc3 O-O 8. Nf3 d6 9. Be2 Nbd7 10. O-O Ne4 11. Be1 f5 12. Nd2 Nxd2 13. Qxd2 e5 14. f3 f4 15. Bf2 Qg5 16. exf4 exf4 17. Bd3 Rae8 18. Rfe1 Nf6 19. d5 Bc8 20. Kh1 Bf5 21. Bf1 Nh5 22. b4 Qg6 23. c5 Ng3+ 24. Bxg3 fxg3 25. h3 dxc5 26. bxc5 bxc5 27. Qc3 Qd6 28. Rac1 Rxe1 29. Rxe1 Kf7 30. Bc4 g6 31. Qe3 Kf6 32. Qh6 Rf7 33. Re8 Qd7 34. Re3 Qa4 35. Qh4+ g5 36. Qh6+ Bg6 37. Re6+ Kf5 38. Bd3+ Kf4 39. Re1 Bxd3 40. Qe6 Bg6 41. Qe5# 1-0


[Site "https://www.chess.com"]

[Event "Titled Tuesday Blitz May 9 Early 2023"]
[White "Clawitter, Craig"]
[Black "Abdilkhair, Abilmansur"]
[WhiteFideId "2023105"]
[BlackFideId "13716417"]
[WhiteElo "2244"]
[BlackElo "2215"]
[Result "0-1"]
[Round "03"]
[TimeControl "180+2"]
[Date "2023.05.09"]
[WhiteClock "0:00:02"]
[BlackClock "0:01:38"]

1. e4 e5 2. Nc3 Nc6 3. f4 Bb4 4. Nd5 Ba5 5. Nf3 d6 6. Bb5 Ne7 7. O-O O-O 8. d4 exd4 9. Kh1 Bg4 10. Nxe7+ Qxe7 11. Bxc6 bxc6 12. Qxd4 Bb6 13. Qc4 Rae8 14. Qxc6 Qxe4 15. Qxe4 Rxe4 16. Bd2 Re2 17. Rad1 Rfe8 18. h3 Bf5 19. c3 Bc2 20. Rde1 f6 21. Rxe2 Rxe2 22. Re1 Rf2 23. Be3 Bxe3 24. Rxe3 Bb1 25. Re7 Rxb2 26. Rxc7 Rxa2 27. Nd4 Be4 28. Nf3 Bxf3 29. gxf3 a5 30. Rd7 Rd2 31. Ra7 Rd3 32. Kg2 Rxc3 33. Rxa5 Kf7 34. f5 Rc7 35. Rd5 Ke7 36. Kg3 Rc5 37. Rd4 Rxf5 38. Re4+ Re5 0-1


[Site "https://www.chess.com"]

[Event "Titled Tuesday Blitz May 9 Early 2023"]
[White "Rios Escobar, Adan"]
[Black "Antonio, Jorge Carlos"]
[WhiteFideId "3403645"]
[BlackFideId "113190"]
[WhiteElo "2426"]
[BlackElo "2247"]
[Result "0-1"]
[Round "03"]
[TimeControl "180+2"]
[Date "2023.05.09"]
[WhiteClock "0:00:00"]
[BlackClock "0:00:41"]

1. d4 d5 2. g3 c6 3. Nf3 Bg4 4. Ne5 Bf5 5. c4 Nd7 6. cxd5 cxd5 7. Qa4 Nf6 8. Nc3 a6 9. Qb3 e6 10. Qxb7 Nxe5 11. dxe5 Nd7 12. Bg2 Be7 13. O-O O-O 14. e4 Nc5 15. Qxa8 Qxa8 16. exf5 d4 17. Bxa8 Rxa8 18. fxe6 dxc3 19. exf7+ Kxf7 20. bxc3 Nd3 21. f4 Bc5+ 22. Kg2 Rd8 23. Bd2 Ke6 24. Be1 h5 25. h3 g6 26. Rf3 Rd7 27. Rb1 Nxe1+ 28. Rxe1 Rd2+ 29. Kh1 Kf5 30. e6 Be7 31. Re5+ Kf6 32. Re1 Rxa2 33. g4 hxg4 34. hxg4 g5 35. f5 Ra4 36. Rg3 a5 37. Kg2 Bd6 0-1


[Site "https://www.chess.com"]

[Event "Titled Tuesday Blitz May 9 Early 2023"]
[White "Yosha_Iglesias"]
[Black "Nugumanov, Bakhtiyar"]
[BlackFideId "13701797"]
[WhiteElo "2426"]
[BlackElo "2209"]
[Result "1-0"]
[Round "03"]
[TimeControl "180+2"]
[Date "2023.05.09"]
[WhiteClock "0:00:06"]
[BlackClock "0:00:00"]

1. d4 e6 2. Nf3 Nf6 3. e3 c5 4. Bd3 Be7 5. O-O O-O 6. Nbd2 d5 7. c3 Nc6 8. dxc5 Bxc5 9. e4 Re8 10. e5 Nd7 11. Nb3 Bf8 12. Bxh7+ Kxh7 13. Qd3+ g6 14. Ng5+ Kg8 15. Qh3 Bg7 16. Qh7+ Kf8 17. f4 Ne7 18. Nd4 Nf5 19. b3 Qa5 20. a4 f6 21. Ngxe6+ Rxe6 22. Nxe6+ Kf7 23. Nxg7 Nxg7 24. e6+ Kxe6 25. Qxg7 Qc5+ 26. Kh1 Qxc3 27. Ba3 Ne5 28. Qe7+ Kf5 29. fxe5+ 1-0


[Site "https://www.chess.com"]

[Event "Titled Tuesday Blitz May 9 Early 2023"]
[White "Botez, Alexandra"]
[Black "Spaqi, Wilson"]
[WhiteFideId "2603365"]
[BlackFideId "2053888"]
[WhiteElo "2040"]
[BlackElo "2423"]
[Result "1-0"]
[Round "03"]
[TimeControl "180+2"]
[Date "2023.05.09"]
[WhiteClock "0:00:11"]
[BlackClock "0:00:18"]

1. d4 d5 2. c4 c6 3. Nf3 Nf6 4. Nc3 Bf5 5. e3 e6 6. Be2 Nbd7 7. O-O Bd6 8. b3 Ne4 9. Nxe4 Bxe4 10. Bb2 Qb8 11. h3 h6 12. Nd2 Bh7 13. Bf3 Nf6 14. c5 Bc7 15. Qe2 O-O 16. e4 dxe4 17. Nxe4 Nxe4 18. Bxe4 Bxe4 19. Qxe4 Qd8 20. Rad1 Qd7 21. Qg4 Rad8 22. d5 e5 23. Qxd7 Rxd7 24. d6 Bd8 25. Bxe5 Re8 26. Rfe1 Ba5 27. Re3 b6 28. Bd4 Rxe3 29. Bxe3 f6 30. a3 bxc5 31. Bxc5 Bb6 32. b4 Kf7 33. f4 Bd8 34. Kf2 a5 35. Kf3 axb4 36. axb4 f5 37. g4 g6 38. Ra1 Ke6 39. Rd1 Kf6 40. Re1 Kf7 41. Ke3 fxg4 42. hxg4 h5 43. g5 Ke6 44. Ke4 Rf7 45. Ra1 h4 46. Rh1 Rh7 47. Rh3 Rh8 48. Bd4 Rh7 49. Be5 Bb6 50. Kf3 Kf5 51. Kg2 Kg4 52. Rd3 h3+ 53. Kh2 Rd7 54. Rg3+ Kf5 55. Kxh3 c5 56. bxc5 Bxc5 57. Rd3 Bb4 58. Kg3 Bc5 59. Kf3 Bb4 60. Rd5 Ba3 61. Bb2+ Ke6 62. Re5+ Kxd6 63. Bxa3+ Kc6 64. Ke4 Rd1 65. Re6+ Kb5 66. Rxg6 Ka4 67. Be7 Re1+ 68. Kf5 Re5+ 69. fxe5 1-0


[Site "https://www.chess.com"]

[Event "Titled Tuesday Blitz May 9 Early 2023"]
[White "Sai Han Thiha"]
[Black "Srebrnic, Ana"]
[WhiteFideId "13012290"]
[BlackFideId "14603314"]
[WhiteElo "1954"]
[BlackElo "2181"]
[Result "1-0"]
[Round "03"]
[TimeControl "180+2"]
[Date "2023.05.09"]
[WhiteClock "0:01:26"]
[BlackClock "0:00:00"]

1. d4 Nf6 2. c4 e6 3. Nf3 Bb4+ 4. Bd2 Qe7 5. g3 c5 6. Bxb4 cxb4 7. Bg2 O-O 8. O-O d5 9. Qc2 Nc6 10. a3 Bd7 11. cxd5 Nxd5 12. e4 Nf6 13. Re1 Rac8 14. Qb3 Rfd8 15. h3 a6 16. Re3 Be8 17. axb4 Nxd4 18. Nxd4 Rxd4 19. Nc3 Rxb4 20. Qa3 Rc7 21. e5 Nd5 22. Bxd5 exd5 23. Nxd5 Ra4 24. Nxe7+ Rxe7 25. Qxe7 Rxa1+ 26. Kh2 1-0


[Site "https://www.chess.com"]

[Event "Titled Tuesday Blitz May 9 Early 2023"]
[White "Da Silva, Lindolfo Luiz"]
[Black "Srdanovic, Jovana"]
[WhiteFideId "2106558"]
[BlackFideId "954810"]
[WhiteElo "2416"]
[BlackElo "2169"]
[Result "1-0"]
[Round "03"]
[TimeControl "180+2"]
[Date "2023.05.09"]
[WhiteClock "0:01:54"]
[BlackClock "0:00:10"]

1. d4 d5 2. g3 Nf6 3. Bg2 g6 4. c4 Bg7 5. Qa4+ Nbd7 6. cxd5 O-O 7. Nc3 Nb6 8. Qb3 a5 9. a4 e6 10. dxe6 Bxe6 11. Qc2 c6 12. Nf3 Nbd5 13. O-O Nb4 14. Qb1 Re8 15. Rd1 Bb3 16. Rd2 Bh6 17. e3 Nfd5 18. Nxd5 Qxd5 19. Ne5 Qd8 20. Ra3 Bd5 21. Rc3 Bxg2 22. Kxg2 Nd5 23. Rc5 Nf6 24. Rd1 Rc8 25. Qc2 Bf8 26. Rc4 Qd5+ 27. f3 Rcd8 28. e4 Qd6 29. Bg5 Bg7 30. Rd2 Rxe5 31. dxe5 Qf8 32. exf6 1-0


[Site "https://www.chess.com"]

[Event "Titled Tuesday Blitz May 9 Early 2023"]
[White "Garakov, Mikhael"]
[Black "Smietanska, Wiktoria"]
[WhiteFideId "4169034"]
[BlackFideId "21869359"]
[WhiteElo "2347"]
[BlackElo "1995"]
[Result "1-0"]
[Round "03"]
[TimeControl "180+2"]
[Date "2023.05.09"]
[WhiteClock "0:00:38"]
[BlackClock "0:00:05"]

1. e4 c5 2. Nf3 d6 3. d4 cxd4 4. Nxd4 Nf6 5. Nc3 a6 6. f4 e5 7. Nf3 Nbd7 8. a4 Be7 9. Bc4 O-O 10. O-O Qc7 11. Qe2 b6 12. Nh4 Bb7 13. Nf5 Bd8 14. fxe5 Nxe5 15. Bb3 Rc8 16. Bg5 Nc4 17. Bxc4 Qxc4 18. Qxc4 Rxc4 19. Nxd6 Rc7 20. Rad1 h6 21. Be3 Re7 22. Rxf6 gxf6 23. Bxh6 Rd7 24. Bxf8 Kxf8 25. Nxb7 Rxb7 26. Rxd8+ 1-0


[Site "https://www.chess.com"]

[Event "Titled Tuesday Blitz May 9 Early 2023"]
[White "Schut, Han"]
[Black "Kielinkei"]
[WhiteFideId "1005561"]
[WhiteElo "2024"]
[BlackElo "2415"]
[Result "0-1"]
[Round "03"]
[TimeControl "180+2"]
[Date "2023.05.09"]
[WhiteClock "0:00:13"]
[BlackClock "0:00:07"]

1. e4 c5 2. Nf3 Nc6 3. d4 cxd4 4. Nxd4 Nf6 5. Nc3 d6 6. Bg5 e6 7. f3 a6 8. Qd2 Bd7 9. O-O-O b5 10. a3 Be7 11. Bxf6 Bxf6 12. Nxc6 Bxc6 13. Qxd6 Qxd6 14. Rxd6 Rc8 15. Rd3 g5 16. Ne2 Ke7 17. Nd4 Bb7 18. Nb3 Rhd8 19. Be2 Rxd3 20. Bxd3 Be5 21. h3 h5 22. Rd1 h4 23. Na5 Ba8 24. a4 bxa4 25. Bxa6 Rc5 26. Nc4 Bf4+ 27. Kb1 Bc6 28. Na3 Ra5 29. Bc4 Bd6 30. Ka2 Ra8 31. Bd3 Rb8 32. Nc4 Bf4 33. Na5 Bd7 34. Nc4 Bc7 35. Na3 Be5 36. c3 Bd6 37. Bc2 Bc5 38. Rd2 Rb7 39. Rd1 Be3 40. Rd3 Bc5 41. Rd2 f6 42. Re2 Bc6 43. Rd2 Rb8 44. Nc4 Ra8 45. Na3 Ra7 46. Bd3 Rb7 47. Bb1 Rb8 48. Bd3 Bd7 49. Bb1 Bc6 50. Bd3 Rc8 51. Bb5 Bxb5 52. Nxb5 Rb8 53. Na3 Rb7 54. Nc4 Rb8 55. Na5 Rc8 56. Rc2 Bb6 57. b4 Bd4 58. c4 Bb6 59. c5 Bxa5 60. bxa5 Kd7 61. Ka3 Kc6 62. Kxa4 Rd8 63. Rc4 Rd2 64. Kb4 Rb2+ 65. Ka3 Rxg2 66. a6 Rg1 67. Ka2 Rg2+ 68. Ka3 Rg1 69. Ka2 Rg2+ 70. Kb3 Rg1 71. Ra4 Rb1+ 72. Kc2 Rb8 73. a7 Ra8 74. Kc3 Kxc5 75. Kd3 Kb6 76. Kd4 Rxa7 77. Rxa7 Kxa7 78. Kc5 f5 79. exf5 exf5 80. Kd5 g4 81. fxg4 fxg4 82. hxg4 h3 83. g5 h2 84. g6 h1=Q+ 85. Ke6 Qh8 86. Kf7 Qh5 87. Kg7 Kb7 88. Kf6 Qh4+ 89. Kf7 Qh5 90. Kf6 Kc7 91. g7 Qh6+ 92. Kf7 Qh7 93. Kf8 Qf5+ 94. Ke8 Qg6+ 95. Kf8 Qf6+ 96. Kg8 Kd6 97. Kh8 Qh4+ 98. Kg8 Ke6 99. Kf8 Qd8# 0-1


[Site "https://www.chess.com"]

[Event "Titled Tuesday Blitz May 9 Early 2023"]
[White "Vivas Zamora, Fabian Ernesto"]
[Black "ZeGood_ZeBad_ZeUgly"]
[WhiteFideId "3902480"]
[WhiteElo "2244"]
[BlackElo "2212"]
[Result "1-0"]
[Round "03"]
[TimeControl "180+2"]
[Date "2023.05.09"]
[WhiteClock "0:00:18"]
[BlackClock "0:00:00"]

1. e4 c5 2. Nc3 Nc6 3. Bb5 Nd4 4. Nf3 a6 5. Bd3 Nc6 6. O-O e6 7. Nd5 Nge7 8. Re1 d6 9. Ne3 g6 10. c3 Bg7 11. Bc2 O-O 12. d4 b6 13. h4 h6 14. Ng4 h5 15. Ne3 cxd4 16. Nxd4 Nxd4 17. cxd4 Bb7 18. b3 Rc8 19. Ba3 Nc6 20. e5 dxe5 21. Bxf8 Qxf8 22. d5 exd5 23. Nxd5 Nd4 24. Be4 Bxd5 25. Bxd5 Qd8 26. Bc4 b5 27. Bf1 Qxh4 28. Rc1 Rxc1 29. Qxc1 Qe7 30. Qc8+ Kh7 31. Qxa6 h4 32. Re3 Qf6 33. Qxf6 Bxf6 34. a4 b4 35. a5 Bd8 36. Rxe5 Nc6 37. Rd5 Bxa5 38. Rc5 Nd4 39. Rxa5 Nxb3 40. Rb5 Nd4 41. Rxb4 Nc2 42. Rxh4+ 1-0


[Site "https://www.chess.com"]